 Dungeon Crawl Stone Soup version 0.20.1-1-g8b1a95d (webtiles) character file.

217 Peloso the Shield-Bearer (level 5, -2/41 HPs)
             Began as a Demonspawn Fighter on Aug 3, 2017.
             Killed by divine providence
             ... invoked by an orc priest
              (15 damage)
             ... on level 4 of the Dungeon.
             The game lasted 00:06:23 (2646 turns).

Peloso the Shield-Bearer (Demonspawn Fighter)       Turns: 2646, Time: 00:06:24

Health: -2/41      AC: 12    Str: 17    XL:     5   Next: 62%
Magic:  5/5        EV:  5    Int: 10    God:
Gold:   122        SH: 13    Dex: 12    Spells: 4/4 levels left

rFire    . . .     SeeInvis .   a - +2 falchion (freeze)
rCold    + . .     Gourm    .   c - +0 shield
rNeg     . . .     Faith    .   s - +0 chain mail
rPois    .         Spirit   .   m - +1 helmet
rElec    .         Reflect  .   n - +0 cloak
rCorr    .         Harm     .   (no gloves)
MR       .....                  (no boots)
Stlth    ..........             (no amulet)
Regen    0.2/turn               (no ring)
MPRegen  0.1/turn               (no ring)

@: no status effects
A: large bone plates 1, cold resistance 1
a: no special abilities


You were on level 4 of the Dungeon.
You were not hungry.

You visited 1 branch of the dungeon, and saw 4 of its levels.

You collected 122 gold pieces.

Inventory:

Hand Weapons
 a - a +2 falchion of freezing (weapon)
 x - the +2 flail "Qaivoko" {elec, rC- Str+4 Dex+7}
   (You found it on level 4 of the Dungeon)

   Occasionally, upon striking a foe, it will discharge some electrical energy
   and cause terrible harm.
   It affects your strength (+4).
   It affects your dexterity (+7).
   It makes you vulnerable to cold.
Armour
 c - a +0 shield (worn)
 m - a +1 helmet (worn)
 n - a +0 cloak (worn)
 s - a +0 chain mail (worn)
 w - a +0 plate armour
Scrolls
 e - 3 scrolls of teleportation {unknown}
 h - a scroll of magic mapping {unknown}
 j - 5 scrolls of identify {unknown}
 k - a scroll of blinking {unknown}
 q - a scroll of remove curse {unknown}
 v - 3 scrolls of fog {unknown}
Potions
 b - a potion of resistance {unknown}
 d - 2 potions of might
 p - a potion of magic {unknown}
 u - a potion of heal wounds {unknown}
Comestibles
 f - 5 bread rations
 g - 2 royal jellies
 i - 2 meat rations
 r - 4 fruits
 t - 3 chunks of flesh


   Skills:
 + Level 3.3 Fighting
 + Level 3.3 Long Blades
 + Level 3.4 Armour
 + Level 1.0 Dodging
 + Level 4.0 Shields


You had 4 spell levels left.
You didn't know any spells.

Dungeon Overview and Level Annotations

Branches:
Dungeon (4/15)
 Temple: D:4-7

Altars:
Makhleb
Ru
Trog
Uskayaw


Innate Abilities, Weirdness & Mutations

You are partially covered in large bone plates. (SH +4)
Your flesh is cold resistant. (rC+)


Message History

You feel a bit more experienced.
You hit the orc. You freeze the orc.
The orc is severely wounded.
The orc hits you but does no damage.
You barely miss the orc.
The orc is severely wounded.
The orc closely misses you.
The orc priest calls upon Beogh to heal the orc.
The orc is healed somewhat.
You hit the orc. You freeze the orc.
The orc is heavily wounded.
You block the orc's attack.
You closely miss the orc.
The orc is heavily wounded.
You block the orc's attack.
You closely miss the orc.
The orc is heavily wounded.
The orc priest mumbles some strange prayers to Beogh against you.
Beogh smites you!
You die...

#......##..### #.#
#...##.##..# #)#
#..........#
###)####
...###.###+#
#......# #......#
... #.#.##.#
##.##### ....
#.#.##.# .#.#
..... ##..#.#.#
..#.
.....l####..###..#
.###.
.....oo@)....#...#
## ##
#....o####....#..#
# ##... ##.###..#
#.. #......# ...
#####.## # .# ...
## ... .# .. .#


You could see an orc priest, 2 orcs and a leopard gecko.

Vanquished Creatures
  A hound (D:4)
  2 orc wizards (D:3)
  3 adders
  A shadow imp (D:3)
  3 dart slugs
  3 leopard geckos
  7 orcs
  7 giant cockroaches
  10 goblins
  7 hobgoblins
  3 jackals (D:1)
  4 kobolds
  2 quokkas
  A ball python (D:1)
  5 bats
  3 frilled lizards
  3 rats
65 creatures vanquished.

Vanquished Creatures (others)
  An orc wizard (D:4)
1 creature vanquished.

Grand Total: 66 creatures vanquished

Notes
Turn   | Place    | Note
-------+----------+-------------------------------------------
     0 | D:1      | Peloso the Demonspawn Fighter began the quest for the Orb.
     0 | D:1      | Reached XP level 1. HP: 18/18 MP: 1/1
   154 | D:1      | Gained mutation: Your flesh is cold resistant. (rC+) [demonic ancestry]
   154 | D:1      | Reached XP level 2. HP: 20/24 MP: 2/2
   373 | D:1      | Reached skill level 3 in Shields
   762 | D:2      | Gained mutation: You are partially covered in large bone plates. (SH +4) [demonic ancestry]
   762 | D:2      | Reached XP level 3. HP: 29/29 MP: 3/3
  1728 | D:3      | Reached XP level 4. HP: 32/35 MP: 4/4
  1778 | D:3      | Found a hide-covered altar of Uskayaw.
  1841 | D:3      | Found a burning altar of Makhleb.
  1925 | D:3      | Reached skill level 1 in Dodging
  1925 | D:3      | Reached XP level 5. HP: 5/41 MP: 5/5
  2538 | D:4      | Found a sacrificial altar of Ru.
  2579 | D:4      | Reached skill level 4 in Shields
  2603 | D:4      | Got an ichor-stained flail
  2604 | D:4      | Identified the +2 flail "Qaivoko" {elec, rC- Str+4 Dex+7} (You found it on level 4 of the Dungeon)
  2625 | D:4      | Found a bloodstained altar of Trog.
  2646 | D:4      | Killed from afar by an orc priest

Skill      XL: |  1  2  3  4  5 |
---------------+----------------+-----
Long Blades    | 2 3 |  3.3
Shields        | 3 4 |  4.0
Armour         | 3 |  3.4
Dodging        | 1 |  1.0
Fighting       | |  3.3

Action                   |  1- 3 |  4- 6 || total
-------------------------+-------+-------++-------
Melee: Long sword        |   128 |       ||   128
       Falchion          |       |    82 ||    82
  Eat: Chunk             |     2 |     4 ||     6
Armor: Scale mail        |    69 |    19 ||    88
       Chain mail        |       |    13 ||    13
Dodge: Dodged            |    25 |    14 ||    39
Block: Shield            |   109 |    56 ||   165
       Rpst.: Long sword |     7 |       ||     7
       Falchion          |       |     3 ||     3
